 Dungeon Crawl Stone Soup version 0.31-a0-325-g067879e3d3 (webtiles) character file.

Game seed: 10852265909834041865

14817 HallandMoats the Fighter (level 11, -5/104 HPs)
             Began as a Minotaur Monk on July 18, 2023.
             Was a High Priest of Okawaru.
             Slain by a green draconian monk (9 damage)
             ... on level 1 of the Abyss.
             The game lasted 00:20:41 (12089 turns).

HallandMoats the Fighter (Minotaur Monk)           Turns: 12089, Time: 00:20:41

Health: -5/104     AC: 11    Str: 21    XL:     11   Next: 93%
Magic:  12/13      EV: 23    Int:  7    God:    Okawaru [*****.]
Gold:   727        SH: 10    Dex: 24    Spells: 10/10 levels left

rFire   . . .        a - +1 broad axe (venom)
rCold   . . .        h - +1 buckler
rNeg    . . .        K - +0 acid dragon scales
rPois   .            (helmet restricted)
rElec   .            w - +0 cloak
rCorr   +            (no gloves)
SInv    .            (no boots)
Will    .....        I - amulet of regeneration
Stlth   +++          m - +6 ring of strength
HPRegen 1.17/turn    B - +6 ring of dexterity
MPRegen 0.13/turn

%: no passive effects
@: lethally poisoned (-5 -> -46), heroic
A: horns 2, retaliatory headbutt
a: Renounce Religion, Heroism, Finesse, Duel


You were on level 1 of the Abyss.
You worshipped Okawaru.
Okawaru was extremely pleased with you.
You visited 2 branches of the dungeon, and saw 14 of its levels.
You visited the Abyss 1 time.

You collected 727 gold pieces.

Inventory:

Hand Weapons
 a - a +1 broad axe of venom (weapon)
Armour
 d - an orb of light
 h - a +1 buckler (worn)
 r - the +3 ring mail "Kunesadi" {*Corrode rC+++ Will++}
   (Okawaru gifted it to you on level 8 of the Dungeon)

   rC:        It renders you almost immune to cold.
   *Corrode:  It may corrode you when you take damage.
   Will:      It greatly increases your willpower.
 w - a +0 cloak (worn)
 J - an orb of energy
 K - +0 acid dragon scales (worn)
Jewellery
 m - a +6 ring of strength (left hand)
 u - a +6 ring of strength
 A - a ring of resist corrosion
 B - a +6 ring of dexterity (right hand)
 G - a ring of fire
 I - an amulet of regeneration (around neck)
Talismans
 x - a storm talisman
Wands
 e - a wand of mindburst (16)
 y - a wand of roots (12)
 H - a wand of paralysis (13)
Scrolls
 b - a scroll of brand weapon {unknown}
 c - 2 scrolls of enchant armour
 f - 7 scrolls of teleportation
 l - a scroll of poison {unknown}
 n - 3 scrolls of immolation
 p - a scroll of amnesia
 q - 2 scrolls of fog
 M - a scroll of silence
Potions
 g - 6 potions of curing
 i - a potion of heal wounds
 j - 4 potions of brilliance
 k - a potion of lignification {unknown}
 o - 3 potions of attraction {unknown}
 s - 2 potions of degeneration {unknown}
 t - a potion of might
 v - a potion of cancellation {unknown}
 z - 3 potions of enlightenment {unknown}
 C - 3 potions of magic {unknown}
 D - a potion of berserk rage {unknown}
 E - a potion of haste {unknown}
 L - a potion of invisibility {unknown}


   Skills:
 * Level 11.6(16.6) Fighting
 * Level 11.5(16.5) Axes
 + Level 8.9(13.9) Armour
 + Level 8.9(13.9) Dodging
 - Level 10.1(15.1) Shields
 + Level 5.2 Invocations


You had 10 spell levels left.
You didn't know any spells.
Your spell library contained the following spells:

 Spells                   Type           Power      Damage    Failure   Level
 Magic Dart               Conj           0%         1d3       52%         1
 Inner Flame              Hex/Fire       0%         N/A       88%         3
 Mephitic Cloud           Conj/Pois/Air  0%         N/A       88%         3
 Volatile Blastmotes      Fire/Tloc      0%         2d10      88%         3
 Alistair's Intoxication  Tmut/Pois      0%         N/A       100%        5
 Borgnjor's Vile Clutch   Necr/Erth      0%         N/A       100%        5
 Lee's Rapid Deconstruct  Erth           0%         3d4*      100%        5
 Yara's Violent Unravell  Hex/Tmut       0%         3d3       100%        5
 Eringya's Noxious Bog    Tmut/Pois      0%         4d6       100%        6
 Enfeeble                 Hex            0%         N/A       100%        7
 Chain Lightning          Conj/Air       0%         N/A       100%        9
 Fire Storm               Conj/Fire      0%         5d1       100%        9
 Shatter                  Erth           0%         3d5*      100%        9
 Summon Small Mammal      Summ           Unusable   N/A       N/A         1
 Call Imp                 Summ           Unusable   N/A       N/A         2
 Animate Armour           Summ/Erth      Unusable   N/A       N/A         4
 Summon Lightning Spire   Summ/Air       Unusable   N/A       N/A         4
 Summon Hydra             Summ           Unusable   N/A       N/A         7
 Summon Horrible Things   Summ           Unusable   N/A       N/A         8

Dungeon Overview and Level Annotations

Branches:
Dungeon (13/15)            Temple (1/1) D:4            Lair (0/5) D:8
    Orc (0/2) D:11
 Vaults: D:13-14

Altars:
Ashenzari
Cheibriados
Dithmenos
Elyvilon
Fedhas
Gozag
Hepliaklqana
Kikubaaqudgha
Makhleb
Nemelex Xobeh
Okawaru
Qazlal
Ru
Sif Muna
Trog
Uskayaw
Vehumet
Wu Jian
Xom
Yredelemnul
Zin
The Shining One

Shops:
D:6 *   D:11 *:[[

Portals:
Trove: D:13 (give +8 demon whip)

Annotations:
D:12 Erolcha


Innate Abilities, Weirdness & Mutations

You have a pair of horns on your head.
You reflexively headbutt those who attack you in melee.


Message History

Your headbutt misses the green draconian monk.
The green draconian monk is lightly wounded.
You are engulfed in poison gas.
You are more poisoned.
You feel very sick. The green draconian monk hits you!
The green draconian monk closely misses you.
The green draconian monk tail-slaps you but does no damage. x2
You slash the green draconian monk!
The green draconian monk is lightly wounded.
You are engulfed in poison gas.
You are more poisoned.
You feel extremely sick.
You block the green draconian monk's attack. x2
The green draconian monk barely misses you.
The green draconian monk tail-slaps you but does no damage.
Unknown command.
You miss the green draconian monk.
Your headbutt misses the green draconian monk.
The green draconian monk is lightly wounded.
You slice the small abomination!!
You are engulfed in poison gas.
You are lethally poisoned!
* * * LOW HITPOINT WARNING * * *
You feel extremely sick. The small abomination misses you.
Unknown command.
You miss the green draconian monk.
Your headbutt misses the green draconian monk.
The green draconian monk is lightly wounded.
You slash the small abomination!
You destroy the small abomination!
Okawaru accepts your kill.
You are engulfed in poison gas.
You are more poisoned.
* * * LOW HITPOINT WARNING * * *
x2 You feel extremely sick.
The green draconian monk hits you!
* * * LOW HITPOINT WARNING * * *
You block the green draconian monk's attack.
The green draconian monk tail-slaps you!
You die...

# # .## ## .
##.. # . #.
.. ..# . ###
##.. # # .
#.#.# ..## ..
#### # . #
..# #.#
##.###.. #
##°###..# ##.
# # #..°..###
# .. #
###☼#@°°..#
##.# # #.☼
#q#○..# .. #.
# #.....#○
°.# # .##
#####...###○°
..# .....
....#### ###
.#
##.#######.#
.. .. #.# .
#### #.# .
#.#


You could see a green draconian monk.

Vanquished Creatures
  Kirke (D:12)
  3 two-headed ogres
  Pikel (D:7)
  The ghost of Newt the Carver, a novice BaFi of Zin (D:6)
  A manticore (D:12)
  A cyclops (D:12)
  The ghost of Lorrdernie the Destabilizer, a novice OpSh (D:9)
  A rime drake (D:8)
  2 komodo dragons (D:11)
  An unseen horror (D:11)
  A meliai (D:9)
  2 hornets (D:9)
  3 trolls
  2 shadows
  3 wyverns
  A vampire (D:12)
  4 yaks (D:8)
  A wraith (D:12)
  A hog (D:12)
  The ghost of epsilonplus the Changeling, an amateur DrSh (D:3)
  2 humans (D:12)
  Menkaure (D:4)
  4 vampire mosquitoes
  An acid dragon (D:11)
  3 water moccasins
  3 orc warriors
  2 black bears
  7 ice beasts
  A sky beast (D:7)
  8 ogres
  A small abomination (Abyss:1)
  A wolf (D:8)
  3 centaurs
  7 bullfrogs
  3 kobold brigands
  4 scorpions
  A gnoll sergeant (D:5)
  3 wights (D:10)
  3 killer bees (D:8)
  3 howler monkeys
  3 orc priests (D:7)
  Crazy Yiuf (D:4)
  7 hounds
  3 jellies
  Jessica (D:2)
  2 gnoll boudas
  6 iguanas
  2 sleepcaps
  10 orc wizards
  13 adders
  12 gnolls
  3 white imps
  2 ufetubi (D:5)
  2 worms
  2 dart slugs
  24 orcs
  3 ball pythons
  6 endoplasms
  4 giant cockroaches
  6 goblins (D:1)
  3 hobgoblins
  2 jackals (D:4)
  22 kobolds
  8 quokkas
  5 bats
  8 rats
253 creatures vanquished.

Notes
Turn   | Place    | Note
-------+----------+-------------------------------------------
     0 | D:1      | HallandMoats the Minotaur Monk began the quest for the Orb.
     0 | D:1      | Reached XP level 1. HP: 19/19 MP: 0/0
   136 | D:1      | Reached skill level 1 in Armour
   136 | D:1      | Reached XP level 2. HP: 22/27 MP: 1/1
   732 | D:1      | Reached XP level 3. HP: 31/33 MP: 2/2
   764 | D:2      | Noticed Jessica
   769 | D:2      | Killed Jessica
   770 | D:2      | Reached skill level 1 in Shields
   917 | D:2      | Reached XP level 4. HP: 40/40 MP: 3/3
  1103 | D:2      | Identified the +0 leather armour of the Iron City of Dis
                  | {rPois MP+9 Dex-3}
  1440 | D:3      | Found a runed translucent door.
  1466 | D:3      | Noticed a bullfrog
  1481 | D:3      | Noticed epsilonplus's ghost (amateur DrSh)
  1838 | D:3      | Found a sparkling altar of Nemelex Xobeh.
  1838 | D:3      | Found a hide-covered altar of Uskayaw.
  2142 | D:4      | Found a runed translucent door.
  2143 | D:4      | Noticed Crazy Yiuf
  2179 | D:4      | Noticed an ogre
  2193 | D:4      | Killed an ogre
  2194 | D:4      | Reached XP level 5. HP: 4/47 MP: 4/4
  2353 | D:4      | Found a staircase to the Ecumenical Temple.
  2370 | Temple   | Entered the Ecumenical Temple
  2392 | Temple   | Became a worshipper of Warmaster Okawaru
  2392 | Temple   | Reached * piety under Okawaru
  2392 | Temple   | Reached ** piety under Okawaru
  2421 | D:4      | Reached XP level 6. HP: 50/55 MP: 5/5
  2589 | D:4      | Noticed Menkaure
  2602 | D:4      | Killed Menkaure
  2603 | D:4      | Reached skill level 5 in Fighting
  2603 | D:4      | Reached skill level 5 in Axes
  3099 | D:4      | Killed Crazy Yiuf
  3249 | D:3      | Killed epsilonplus's ghost
  3250 | D:3      | Reached XP level 7. HP: 61/61 MP: 6/6
  3255 | D:3      | Reached skill level 5 in Shields
  3303 | D:5      | Entered Level 5 of the Dungeon
  3369 | D:5      | Reached *** piety under Okawaru
  3374 | D:5      | Reached skill level 5 in Dodging
  3416 | D:5      | Reached XP level 8. HP: 18/70 MP: 7/7
  3695 | D:5      | Reached skill level 5 in Armour
  3728 | D:5      | Reached **** piety under Okawaru
  4453 | D:6      | Found a transporter.
  4755 | D:6      | Got the Incunable of Relocated Illusion
  4789 | D:6      | Reached XP level 9. HP: 78/78 MP: 8/8
  4799 | D:6      | Found Finah's General Store.
  4961 | D:6      | Found a shimmering altar of Xom.
  4982 | D:6      | Found a shadowy altar of Dithmenos.
  5029 | D:6      | Noticed Newt's ghost (novice BaFi)
  5040 | D:6      | Found a transporter.
  5071 | D:6      | Killed Newt's ghost
  5072 | D:6      | Reached skill level 1 in Invocations
  5621 | D:7      | Noticed Pikel
  5652 | D:7      | Killed Pikel
  5796 | D:7      | Found a large runed translucent door.
  5796 | D:7      | Found a large runed translucent door.
  5926 | D:7      | Found a stormy altar of Qazlal.
  6193 | D:7      | Found a blossoming altar of Fedhas.
  6194 | D:7      | Found a radiant altar of Vehumet.
  6236 | D:7      | Reached XP level 10. HP: 90/90 MP: 10/10
  6514 | D:7      | Found an opulent altar of Gozag.
  6527 | D:7      | Found a broken altar of Ashenzari.
  6605 | D:8      | Found a hazy altar of Hepliaklqana.
  6634 | D:8      | Found a staircase to the Lair.
  6653 | D:8      | Reached ***** piety under Okawaru
  6692 | D:8      | HP: 1/91 [yak (13)]
  6712 | D:8      | Identified the +3 ring mail "Kunesadi" {*Corrode rC+++
                  | Will++} (Okawaru gifted it to you on level 8 of the
                  | Dungeon)
  6712 | D:8      | Received a gift from Okawaru
  6946 | D:8      | Found a sacrificial altar of Ru.
  7274 | D:8      | Found a shimmering blue altar of Sif Muna.
  7421 | D:9      | Noticed a two-headed ogre
  7443 | D:8      | Killed a two-headed ogre
  7770 | D:9      | Reached skill level 10 in Fighting
  7819 | D:9      | Noticed a six-headed hydra
  8270 | D:9      | Found a runed translucent door.
  8271 | D:9      | Noticed Lorrdernie's ghost (novice OpSh)
  8353 | D:9      | Reached skill level 10 in Axes
  8510 | D:9      | Paralysed by a hornet for 3 turns
  8587 | D:9      | Found an ornate altar of the Wu Jian Council.
  8621 | D:9      | Reached XP level 11. HP: 59/100 MP: 13/13
  8809 | D:9      | Found a snail-covered altar of Cheibriados.
  8977 | D:9      | Killed Lorrdernie's ghost
  9187 | D:10     | Entered Level 10 of the Dungeon
  9200 | D:10     | Noticed a two-headed ogre
  9213 | D:10     | Killed a two-headed ogre
  9948 | D:11     | You fall into a shaft and drop 2 floors!
  9952 | D:13     | Found a portal to a secret trove of treasure.
 10010 | D:12     | Noticed Kirke
 10026 | D:12     | Noticed a lindwurm
 10027 | D:12     | Killed Kirke
 10580 | D:11     | Reached skill level 10 in Shields
 10733 | D:11     | Found Xakaal's Armour Boutique.
 10737 | D:11     | Found a sparkling altar of Nemelex Xobeh.
 10753 | D:11     | Found Tasoepne's Antique Armour Emporium.
 10768 | D:11     | Received a gift from Okawaru
 10797 | D:11     | Reached skill level 5 in Invocations
 11117 | D:11     | Found Xary's Assorted Antiques.
 11130 | D:11     | Found Osarakk's Book Shoppe.
 11362 | D:11     | Found a staircase to the Orcish Mines.
 11863 | D:12     | Noticed a two-headed ogre
 11871 | D:12     | Killed a two-headed ogre
 11871 | D:12     | Received a gift from Okawaru
 11882 | D:12     | Found a sacrificial altar of Ru.
 11950 | D:12     | Noticed Erolcha
 11953 | Abyss:1  | Cast into level 1 of the Abyss (Erolcha)
 12080 | Abyss:1  | Noticed a green draconian monk
 12089 | Abyss:1  | HP: 4/104 [green draconian monk (13)]
 12089 | Abyss:1  | Slain by a green draconian monk

Illustrated notes

Levels and vault maps discovered:
D:1:      dpeg_arrival_water_temple_mockup, layout_basic, minmay_tetromino_t4
D:2:      layout_loops_ring, uniq_jessica
D:3:      layout_basic, gammafunk_temple_overflow_elements,
          ebering_ghost_sewer_d, nicolae_concentric_dashed_squares_mild
D:4:      layout_basic, minmay_temple_entry_stoned_glass, uniq_menkaure,
          uniq_crazy_yiuf_cottage
D:5:      minmay_recursive_quarters, layout_loops_ring, serial_bayou,
          serial_bayou_lake_a, serial_bayou_pond_b, serial_bayou_ford_a,
          serial_bayou_shore_b
D:6:      layout_cave_pools, lemuel_doored_altar,
          mainiacjoe_overflow_six_doors_small, serial_shops,
          nicolae_shop_tiny_statue_garden, gammafunk_ghost_smash,
          minmay_misc_feat_x
D:7:      layout_loops_ring, kennysheep_little_box,
          mainiacjoe_overflow_divided_tiny, jmf_multi_god_temple2,
          chequers_arboretum, uniq_pikel
D:8:      layout_rooms, lemuel_coloured_pillars_altar, old_standard_altar,
          general_overflow_altar, hellmonk_lair_entry_icy
D:9:      layout_irregular_city, nicolae_overflow_crystal_walls,
          ebering_ghost_reflecting_pool, minmay_ruined_shrine
D:10:     layout_basic
D:11:     layout_basic, orc_0_dummy, serial_shops, nicolae_shop_hallway_stairs,
          shop, nicolae_shop_tiny_real_fake_doors,
          nicolae_shop_tiny_statue_garden, nemelex_xobeh_ov_fountains_minmay
D:12:     layout_basic, nicolae_ru_awakened_eye, uniq_erolcha, uniq_kirke
D:13:     layout_roguey, nicolae_trove_entry_crossroad, minmay_misc_feat_roman,
          nzn_random_ring, uniq_jorgrun, uniq_snorg
Temple:   nicolae_temple_bog_church
Abyss:1:  base:
D:12

Skill      XL: |  1  2  3  4  5  6  7  8  9 10 11 |
---------------+----------------------------------+-----
Armour         | 1 2 3 4 5 6 7 8 |  8.9
Axes           | 4 5 6 8 10 11 | 11.5
Fighting       | 4 5 6 8 10 11 | 11.6
Shields        | 1 3 4 5 7 8 9 10 | 10.1
Dodging        | 4 5 6 7 8 |  8.9
Invocations    | 2 4 5 |  5.2

Action                     |  1- 3 |  4- 6 |  7- 9 | 10-12 || total
---------------------------+-------+-------+-------+-------++-------
  Melee: Hand axe          |    48 |    95 |   290 |   448 ||   881
         Headbutt          |    11 |    17 |    78 |   128 ||   234
         Broad axe         |       |       |       |    16 ||    16
 Invoke: Heroism           |       |     1 |     1 |     3 ||     5
         Finesse           |       |       |     1 |       ||     1
    Use: Potion            |       |     4 |     3 |     3 ||    10
         Scroll            |       |     5 |     1 |     9 ||    15
   Stab: Sleeping          |       |       |       |     1 ||     1
 Armour: Robe              |     5 |       |       |       ||     5
         Ring mail         |     7 |    24 |    60 |    78 ||   169
         Acid dragon scale |       |       |       |    27 ||    27
  Dodge: Dodged            |    27 |    59 |   168 |   305 ||   559
  Block: Buckler           |     4 |    19 |    72 |   182 ||   277

Table legend: (Time is in decaauts)
 A = Elapsed time spent in this place.
 B = Non-inter-level travel time spent in this place.
 C = Inter-level travel time spent in this place.
 D = Time resting spent in this place.
 E = Time spent auto-exploring this place.
 F = Levels seen in this place.
 G = Mean time per level.
                   A        B        C        D        E       F      G
               +--------+--------+--------+--------+--------+-----+--------+
         Total |  12065 |  11664 |    401 |   1378 |   7897 |  15 |  804.3 |
       Dungeon |  11880 |  11479 |    401 |   1378 |   7771 |  13 |  913.8 |
        Temple |     50 |     50 |      0 |      0 |      0 |   1 |   50.0 |
         Abyss |    134 |    134 |      0 |      0 |    126 |   1 |  134.0 |
               +--------+--------+--------+--------+--------+-----+--------+

Top non-repeatable levels by time:
     D:9: 1401 daAuts
    D:11: 1349 daAuts
     D:7: 1324 daAuts
     D:5: 1201 daAuts
     D:8: 1180 daAuts
     D:4: 1153 daAuts
     D:6: 770 daAuts
     D:1: 767 daAuts
    D:10: 749 daAuts
     D:3: 736 daAuts
     D:2: 620 daAuts
    D:12: 606 daAuts
 Abyss:1: 134 daAuts
  Temple: 50 daAuts
    D:13: 18 daAuts
